 Dungeon Crawl Stone Soup version 0.25.1-2-g60ff931df9 (webtiles) character file.

Game seed: 12724441334771070482

182663 KamiKatze the Swashbuckler (level 17, 0/93 HPs)
             Began as a Vine Stalker Fighter on Aug 17, 2020.
             Was a Believer of Uskayaw.
             Succumbed to a nagaraja's splash of poison
             ... on level 2 of the Snake Pit on Aug 24, 2020.
             The game lasted 02:41:34 (27141 turns).

KamiKatze the Swashbuckler (Vine Stalker Fighter)  Turns: 27141, Time: 02:41:35

Health: 0/93       AC: 23    Str: 32    XL:     17   Next: 97%
Magic:  10/26      EV: 17    Int:  8    God:    Uskayaw [**....]
Gold:   2191       SH: 14    Dex: 17    Spells: 16/16 levels left

rFire    + + .     SeeInvis +   A - +2 rapier (elec)
rCold    . . .     Gourm    .   c - +0 kite shield
rNeg     . . .     Faith    .   j - +3 chain mail
rPois    +         Spirit   +   T - +0 helmet "Ituwnikhlyb" {Str+3 Stlth+}
rElec    +         Reflect  .   Q - +2 cloak {rPois}
rCorr    .         Harm     .   q - +0 pair of gloves
MR       +++..                  F - +1 pair of boots {Fly}
Stlth    ..........             w - amulet of regeneration
HPRegen  1.45/turn              t - ring of Haoph {rElec EV+4 Str+4 SInv}
MPRegen  0.20/turn              Z - ring of Eternal Night {rF++ MR+ Dex+2}

@: lethally poisoned (0 -> -2), flying, constricted
A: fangs 3, regeneration 2, magic shield, antimagic bite, no potion heal 3, rot
immunity
}: 1/15 runes: decaying
a: Stomp, Line Pass, Renounce Religion, Stop Flying


You were on level 2 of the Snake Pit.
You worshipped Uskayaw.
Uskayaw was aware of your devotion.
You were very hungry.

You visited 6 branches of the dungeon, and saw 30 of its levels.
You also visited: Bailey.

You collected 3039 gold pieces.
You spent 848 gold pieces at shops.

Inventory:

Hand Weapons
 a - a +4 rapier
 A - a +2 rapier of electrocution (weapon)
Missiles
 g - 5 curare-tipped darts
 k - 3 throwing nets
 l - 551 stones
 M - 69 poisoned darts (quivered)
Armour
 c - a +0 kite shield (worn)
 j - a +3 chain mail (worn)
 p - a +0 cloak of magic resistance
 q - a +0 pair of gloves (worn)
 F - a +1 pair of boots of flying (worn)
 Q - a +2 cloak of poison resistance (worn)
 T - the +0 helmet "Ituwnikhlyb" (worn) {Str+3 Stlth+}
   (You bought it in a shop on level 4 of the Dungeon)

   It affects your strength (+3).
   It makes you more stealthy.
Jewellery
 b - an uncursed ring of protection from fire
 t - the ring of Haoph (left hand) {rElec EV+4 Str+4 SInv}
   (You found it on level 14 of the Dungeon)

   [ring of evasion]

   It affects your evasion (+4).
   It affects your strength (+4).
   It insulates you from electricity.
   It lets you see invisible.
 w - an amulet of regeneration (around neck)
 P - an uncursed ring of protection from cold
 W - an uncursed ring of resist corrosion
 Z - the ring of Eternal Night (right hand) {rF++ MR+ Dex+2}
   (You found it on level 12 of the Dungeon)

   [ring of protection from magic]

   It affects your dexterity (+2).
   It greatly protects you from fire.
   It affects your resistance to hostile enchantments.
Wands
 y - a wand of iceblast (59)
 z - a wand of clouds (12)
 I - a wand of disintegration (44)
 U - a wand of flame (13)
 V - a wand of digging (7)
Scrolls
 n - 13 scrolls of remove curse
 o - 2 scrolls of magic mapping
 s - 2 scrolls of identify
 B - 2 scrolls of blinking
 C - 11 scrolls of teleportation
 E - 4 scrolls of fear
 J - 8 scrolls of fog
 R - a scroll of silence
Potions
 d - 6 potions of might
 h - 3 potions of berserk rage
 i - 8 potions of curing
 m - 6 potions of brilliance
 r - a potion of magic
 u - a potion of haste
 G - 3 potions of stabbing
 H - a potion of resistance
 K - 2 potions of lignification
 L - a potion of invisibility
 Y - 3 potions of cancellation
Comestibles
 f - 41 rations


   Skills:
 + Level 11.9 Fighting
 - Level 15.0 Short Blades
 + Level 10.9 Armour
 + Level 11.0 Dodging
 * Level 12.0 Shields
 * Level 11.4 Invocations


You had 16 spell levels left.
You didn't know any spells.
Your spell library contained the following spells:

 Spells                   Type           Power        Failure   Level  Hunger
 Animate Skeleton         Necr           N/A          92%         1    ##.....
 Apportation              Tloc           #.....       92%         1    ##.....
 Corona                   Hex            #......      92%         1    ##.....
 Summon Small Mammal      Summ           #...         92%         1    ##.....
 Call Imp                 Summ           #.......     98%         2    ###....
 Corpse Rot               Necr/Air       N/A          98%         2    ###....
 Sublimation of Blood     Necr           #.........   98%         2    ###....
 Call Canine Familiar     Summ           #.......     100%        3    ####...
 Ignite Poison            Fire/Tmut/Pois #.......     100%        3    ####...
 Summon Guardian Golem    Hex/Summ       #.......     100%        3    ####...
 Dispel Undead            Necr           #.......     100%        4    #####..
 Petrify                  Tmut/Erth      #.......     100%        4    #####..
 Summon Ice Beast         Ice/Summ       #.......     100%        4    #####..
 Summon Lightning Spire   Summ/Air       #.......     100%        4    #####..
 Agony                    Necr           #.......     100%        5    ######.
 Alistair's Intoxication  Tmut/Pois      #.......     100%        5    ######.
 Excruciating Wounds      Chrm/Necr      #.........   100%        5    ######.
 Irradiate                Conj/Tmut      #.........   100%        5    ######.
 Eringya's Noxious Bog    Tmut/Pois      #.........   100%        6    #######


Dungeon Overview and Level Annotations

Branches:
Dungeon (15/15)            Temple (1/1) D:4            Lair (6/6) D:11
  Swamp (4/4) Lair:4        Snake (2/4) Lair:2        Slime (0/5) Lair:5
    Orc (2/2) D:10            Elf (0/3) Orc:2        Vaults (0/5) D:13
 Depths (0/5) D:15         Bailey (visited)

Altars:
Ashenzari
Cheibriados
Dithmenos
Elyvilon
Fedhas
Gozag
Hepliaklqana
Kikubaaqudgha
Makhleb
Nemelex Xobeh
Okawaru
Qazlal
Ru
Sif Muna
Trog
Uskayaw
Vehumet
Wu Jian
Xom
Yredelemnul
Zin
The Shining One
Beogh

Shops:
D:4 [   D:7 !   D:8 (!?   D:13 !   Orc:2 [(=*

Portals:
Abyss: Lair:4

Annotations:
D:3 2 transporters, Elkerch's ghost, weakling CeAM
Lair:4 2 transporters, Vuikataa's ghost, journeyman FoFi


Innate Abilities, Weirdness & Mutations

You have razor-sharp teeth.
You heal very quickly.
When hurt, damage is shared between your health and your magic reserves.
Your bite disrupts and absorbs the magic of your enemies.
Potions cannot restore your health.
You are immune to rotting.


Message History

Unknown command.
You hit the nagaraja. Your bite misses the nagaraja.
The nagaraja is heavily wounded.
* * * LOW HITPOINT WARNING * * *
You feel sick. The nagaraja closely misses you. The nagaraja constricts you.
You can now pass through a line of other dancers.
Unknown command.
You puncture the nagaraja! Lightning courses through the nagaraja!
You bite the nagaraja, but do no damage.
The nagaraja is severely wounded.
* * * LOW HITPOINT WARNING * * *
You feel sick. The nagaraja spits poison at you.
The splash of poison hits you but does no damage.
You are more poisoned.
You resist. The nagaraja constricts you.
You barely miss the nagaraja.
You bite the nagaraja, but do no damage.
The nagaraja is severely wounded.
You die...

>S.. .....
..... .....#
####+####.%(##
#..<..#).....##
#......)......#
+%...N))......#
#....@).......#
#...[%...%....#
#............[+
#............##
#.....#.....##
#....##....##
##..## #..##
#### ###


You could see a nagaraja (fast, catching breath).

Vanquished Creatures
  the Lernaean hydra (Swamp:4)
  Nikola (Swamp:2)
  Jorgrun (Swamp:2)
  Kirke (Swamp:2)
  A thorn hunter (Swamp:2)
  4 nagarajas (Snake:2)
  2 orc warlords
  Aizul (Snake:2)
  A stone giant (Orc:1)
  A naga warrior (Snake:1)
  A rakshasa (D:15)
  A shambling mangrove (Swamp:4)
  2 anacondas (Snake:1)
  3 catoblepae
  6 two-headed ogres
  19 hydras
  2 dancing weapons (D:13)
  A deep troll shaman (Lair:6)
  8 alligators
  14 death yaks (Lair:6)
  2 tengu warriors (D:15)
  4 orc high priests
  A shock serpent (Snake:2)
  Nergalle (Lair:2)
  5 skeletal warriors (D:15)
  A spriggan druid (Swamp:3)
  3 unseen horrors
  A glowing orange brain (D:15)
  9 swamp dragons
  A naga ritualist (Snake:1)
  An oklob plant (Orc:2)
  A deep elf mage (D:15)
  10 orc knights
  4 orc sorcerers (Orc:2)
  3 mana vipers (Snake:1)
  13 ugly things
  A salamander (Snake:2)
  3 manticores
  4 elephants (Lair:6)
  5 centaur zombies
  4 cyclopes
  2 guardian serpents (Snake:2)
  A moth of wrath (shapeshifter) (D:15)
  5 black mambas
  3 gargoyles
  2 kobold demonologists
  13 spiny frogs
  Psyche (D:9)
  7 komodo dragons
  4 rime drakes
  2 freezing wraiths
  A tengu conjurer (D:12)
  3 meliai
  8 trolls
  A troll (shapeshifter) (D:15)
  2 polar bears (Lair:6)
  6 tyrant leeches
  A hornet (shapeshifter) (D:14)
  32 slime creatures
  5 hornets
  6 bog bodies
  10 hippogriffs
  24 blink frogs
  A spriggan (shapeshifter) (D:15)
  2 shadows
  A tarantella (shapeshifter) (D:15)
  3 wraiths
  4 spriggans
  34 yaks
  10 wyverns
  A human (shapeshifter) (D:15)
  4 hogs (Swamp:2)
  A golden eye (shapeshifter) (D:15)
  A basilisk (Lair:6)
  2 hungry ghosts
  13 vampire mosquitoes
  13 swamp worms
  15 insubstantial wisps
  13 nagas
  8 wargs
  A soldier ant (D:14)
  4 acid dragons
  8 porcupines
  10 water moccasins
  20 swamp drakes
  5 sky beasts
  An eye of draining (shapeshifter) (D:12)
  8 ice beasts
  42 orc warriors
  A hornet zombie (D:6)
  4 phantoms
  A black bear (shapeshifter) (D:15)
  13 ogres
  4 wolves (Lair:6)
  12 crocodiles
  10 centaurs
  2 big kobolds (D:13)
  11 bullfrogs
  5 scorpions
  28 killer bees
  4 howler monkeys
  8 crimson imps
  5 jellies
  4 bullfrog zombies
  4 hounds
  3 centaur skeletons
  17 orc priests
  16 orc wizards
  A bullfrog skeleton (D:12)
  A human zombie (D:5)
  3 iguanas
  16 worker ants
  A hound zombie (D:7)
  A hound skeleton (D:6)
  15 gnolls
  21 adders
  A howler monkey skeleton (D:9)
  6 shadow imps
  2 oozes
  An adder skeleton (D:3)
  2 worms (D:2)
  A dart slug (D:1)
  5 leopard geckos
  99 orcs
  6 giant cockroaches
  25 goblins
  29 hobgoblins
  25 jackals
  3 kobolds
  4 quokkas
  2 ball pythons
  3 bats
  6 frilled lizards
  A jackal skeleton (D:5)
  A jackal zombie (D:5)
  A leopard gecko zombie (D:5)
  6 rats
  A fungus (Lair:4)
953 creatures vanquished.

Vanquished Creatures (others)
  19 fungi
  2 plants (Lair:6)
21 creatures vanquished.

Grand Total: 974 creatures vanquished

Notes
Turn   | Place    | Note
-------+----------+-------------------------------------------
     0 | D:1      | KamiKatze the Vine Stalker Fighter began the quest for the
                  | Orb.
     0 | D:1      | Reached XP level 1. HP: 11/11 MP: 2/2
    78 | D:1      | Reached skill level 2 in Short Blades
    85 | D:1      | Reached XP level 2. HP: 11/16 MP: 3/3
   376 | D:1      | Reached XP level 3. HP: 16/19 MP: 4/4
   679 | D:2      | Found a burning altar of Makhleb.
   834 | D:2      | Gained mutation: Your natural rate of healing is unusually
                  | fast. [Vine Stalker growth]
   834 | D:2      | Reached XP level 4. HP: 19/24 MP: 3/5
  1309 | D:2      | Found a faded altar of an unknown god.
  1799 | D:3      | Reached skill level 3 in Short Blades
  1807 | D:3      | Reached XP level 5. HP: 24/28 MP: 6/6
  1915 | D:3      | Identified the cursed +0 dire flail "Lioger" {venom, Dex+2}
  1915 | D:3      | Noticed an ogre
  1915 | D:3      | Noticed an ogre
  1917 | D:3      | Noticed Elkerch's ghost (weakling CeAM)
  1920 | D:3      | Found a transporter.
  1924 | D:3      | Found a transporter.
  2399 | D:3      | Found a basalt altar of Yredelemnul.
  2706 | D:4      | Found a staircase to the Ecumenical Temple.
  2715 | Temple   | Entered the Ecumenical Temple
  2751 | Temple   | Became a worshipper of Uskayaw the Reveler
  2917 | D:4      | Reached * piety under Uskayaw
  2919 | D:4      | Reached ** piety under Uskayaw
  2989 | D:4      | Noticed a phantom
  3008 | D:4      | Reached *** piety under Uskayaw
  3013 | D:4      | Killed a phantom
  3013 | D:4      | Reached XP level 6. HP: 21/33 MP: 5/7
  3062 | D:3      | Reached skill level 4 in Short Blades
  3448 | D:4      | Found Zepojit's Antique Armour Boutique.
  3521 | D:4      | Reached XP level 7. HP: 37/37 MP: 8/8
  3754 | D:5      | Entered Level 5 of the Dungeon
  3796 | D:5      | Found a burning altar of Makhleb.
  4013 | D:5      | Found a runed translucent door.
  4013 | D:5      | Noticed a human
  4015 | D:5      | Found a basalt altar of Yredelemnul.
  4501 | D:6      | Reached skill level 5 in Short Blades
  4625 | D:6      | Gained mutation: You have razor-sharp teeth. [Vine Stalker
                  | growth]
  4625 | D:6      | Reached XP level 8. HP: 32/42 MP: 9/9
  4811 | D:6      | Killed an unseen horror
  4811 | D:6      | Reached skill level 5 in Fighting
  4811 | D:6      | Reached skill level 6 in Short Blades
  4811 | D:6      | Reached skill level 5 in Shields
  5103 | D:7      | Reached XP level 9. HP: 47/47 MP: 10/10
  5260 | D:7      | Reached skill level 1 in Dodging
  5274 | D:7      | Reached **** piety under Uskayaw
  5277 | D:7      | Reached skill level 7 in Short Blades
  5281 | D:7      | Reached ***** piety under Uskayaw
  5285 | D:7      | Reached skill level 5 in Armour
  5637 | D:7      | Found Ymuu's Distillery.
  5932 | D:8      | Found Zuerouq's Magic Scroll Shoppe.
  5938 | D:8      | Bought a scroll of identify for 26 gold pieces
  6008 | D:8      | Reached XP level 10. HP: 44/53 MP: 7/11
  6012 | D:8      | Reached skill level 8 in Short Blades
  6028 | D:8      | Reached skill level 11 in Short Blades
  6028 | D:8      | Reached skill level 5 in Dodging
  6028 | D:8      | Reached XP level 11. HP: 43/56 MP: 12/12
  6029 | D:8      | Gained mutation: You heal very quickly. [Vine Stalker
                  | growth]
  6029 | D:8      | Reached XP level 12. HP: 49/62 MP: 12/15
  6181 | D:8      | Found Zibbimu's Weapon Shop.
  6252 | D:8      | Found Diucasch's Distillery.
  6636 | D:9      | Noticed Psyche
  6646 | D:9      | Killed Psyche
  7101 | D:10     | Entered Level 10 of the Dungeon
  7110 | D:10     | Reached skill level 12 in Short Blades
  7236 | D:10     | Found a staircase to the Orcish Mines.
  7624 | D:10     | Found an ornate altar of the Wu Jian Council.
  8029 | D:11     | Found a flagged portal.
  8058 | Bailey   | Entered a bailey
  8478 | Bailey   | Noticed an orc warlord
  8703 | D:11     | Found a staircase to the Lair.
  8735 | D:11     | Noticed a two-headed ogre
  8753 | D:11     | Killed a two-headed ogre
  9426 | D:11     | You fall into a shaft and drop 2 floors!
  9426 | D:13     | Found a gate to the Vaults.
  9434 | D:13     | Reached XP level 13. HP: 52/68 MP: 12/17
  9441 | D:13     | Reached skill level 5 in Invocations
  9492 | D:13     | Found Giolen's Distillery.
  9830 | D:12     | Found a shadowy altar of Dithmenos.
 10264 | D:4      | Bought an ancient helmet for 209 gold pieces
 10276 | D:4      | Identified the +3 helmet of Cippall {Harm rCorr} (You
                  | bought it in a shop on level 4 of the Dungeon)
 10281 | D:4      | Bought an ichor-stained helmet for 209 gold pieces
 10294 | D:4      | Identified the cursed +0 helmet "Ituwnikhlyb" {Str+3
                  | Stlth+} (You bought it in a shop on level 4 of the Dungeon)
 10434 | Lair:1   | Entered Level 1 of the Lair of Beasts
 10679 | Lair:1   | Reached skill level 13 in Short Blades
 11576 | Lair:2   | Noticed Nergalle
 11604 | Lair:2   | Killed Nergalle
 11640 | Lair:2   | Found a staircase to the Snake Pit.
 13287 | Lair:4   | Noticed a cacodemon
 13288 | Lair:4   | Noticed Vuikataa's ghost (journeyman FoFi)
 13323 | Lair:4   | Found a transporter.
 13340 | Lair:4   | Found a transporter.
 13347 | Lair:4   | Found a one-way gate to the infinite horrors of the Abyss.
 13416 | Lair:4   | Reached XP level 14. HP: 58/74 MP: 19/19
 13433 | Lair:4   | Found a staircase to the Swamp.
 13830 | Lair:5   | Found a staircase to the Slime Pits.
 14220 | Lair:5   | Reached ****** piety under Uskayaw
 14795 | Orc:1    | Entered Level 1 of the Orcish Mines
 14795 | Orc:1    | Noticed an orc warlord
 14882 | D:10     | Killed an orc warlord
 15113 | Orc:2    | Entered Level 2 of the Orcish Mines
 15246 | Orc:2    | Found a staircase to the Elven Halls.
 15342 | Orc:2    | Found Bipniuff's Antique Armour Emporium.
 15449 | Orc:2    | Paralysed by an orc sorcerer for 4 turns
 15717 | Orc:1    | Found a roughly hewn altar of Beogh.
 15717 | Orc:1    | Noticed a stone giant
 15788 | Orc:1    | Killed a stone giant
 15788 | Orc:1    | Reached skill level 14 in Short Blades
 15893 | Orc:2    | Noticed an orc warlord
 15938 | Orc:1    | Killed an orc warlord
 16059 | Orc:2    | Found Hynini's General Store.
 16103 | Orc:2    | Found Daarr's Jewellery Shop.
 16383 | Orc:2    | Found Baempy's Antique Weapon Shoppe.
 17010 | D:12     | Identified the ring of Zyqolicw {rPois Stlth+}
 17169 | D:12     | Reached XP level 15. HP: 79/79 MP: 21/21
 17439 | D:12     | Got a bound granite ring
 17448 | D:12     | Identified the ring of Eternal Night {rF++ MR+ Dex+2} (You
                  | found it on level 12 of the Dungeon)
 17995 | D:13     | Found a burning altar of Makhleb.
 18190 | D:14     | Got a crude tin ring
 18192 | D:14     | Identified the ring of Haoph {rElec EV+4 Str+4 SInv} (You
                  | found it on level 14 of the Dungeon)
 18768 | D:14     | Found an iron altar of Okawaru.
 19101 | D:15     | Entered Level 15 of the Dungeon
 19341 | D:15     | Reached skill level 10 in Fighting
 19372 | D:15     | Reached skill level 10 in Shields
 19993 | D:15     | Found a staircase to the Depths.
 20278 | D:15     | Reached XP level 16. HP: 86/86 MP: 23/23
 20751 | Lair:6   | Entered Level 6 of the Lair of Beasts
 20808 | Lair:6   | Found the +0 sword of Power
 22190 | Swamp:1  | Entered Level 1 of the Swamp
 22261 | Swamp:1  | Reached skill level 10 in Dodging
 22427 | Swamp:1  | You fall into a shaft and drop 1 floor!
 22627 | Swamp:2  | Reached skill level 10 in Armour
 22716 | Swamp:1  | Found a hide-covered altar of Uskayaw.
 22951 | Orc:2    | Bought a glowing cloak for 202 gold pieces
 22958 | Orc:2    | Bought a pair of glowing boots for 202 gold pieces
 23562 | Swamp:2  | Reached skill level 15 in Short Blades
 23581 | Swamp:2  | Reached skill level 10 in Invocations
 23652 | Swamp:2  | Noticed Jorgrun
 23716 | Swamp:2  | Killed Jorgrun
 23751 | Swamp:2  | Noticed Nikola
 23775 | Swamp:2  | Killed Nikola
 23830 | Swamp:2  | Noticed a thorn hunter
 23839 | Swamp:2  | Killed a thorn hunter
 23839 | Swamp:2  | Reached XP level 17. HP: 81/91 MP: 25/25
 24059 | Swamp:2  | Noticed Kirke
 24071 | Swamp:2  | Killed Kirke
 25503 | Swamp:4  | Entered Level 4 of the Swamp
 26211 | Swamp:4  | Noticed the 27-headed Lernaean hydra
 26281 | Swamp:4  | Killed the 27-headed Lernaean hydra
 26365 | Swamp:4  | Got a decaying rune of Zot
 26629 | Snake:1  | Entered Level 1 of the Snake Pit
 27104 | Snake:2  | Noticed Aizul
 27133 | Snake:2  | Killed Aizul
 27135 | Snake:2  | HP: 1/93 [nagaraja/cursed +0 spear (13)]
 27140 | Snake:2  | HP: 1/93 [poisoned by a nagaraja (splash of poison)]
 27141 | Snake:2  | Succumbed to a nagaraja's splash of poison

Illustrated notes

Levels and vault maps discovered:
D:1:      beargit_arrival_greenhouse, layout_rooms,
          hangedman_decor_clover_reticule
D:2:      layout_basic, chequers_ecumenical_altar_lobes, bloody_makhleb
D:3:      layout_basic, marbit_many_paths, gammafunk_ghost_smash
D:4:      layout_loops_ring, temple_statues, first_ration, serial_shops,
          nicolae_shop_behind_doors
D:5:      layout_cave_pools, basic_altar, dk_yredelemnul_ordeal
D:6:      layout_cave_pools
D:7:      layout_basic, serial_shops, nicolae_shop_trees
D:8:      layout_cave_pools, serial_shops, nicolae_shop_statue_plus,
          nicolae_shop_competitors_out_of_business, shop_statue, grunt_ogre_cave
D:9:      layout_layer_cave, uniq_psyche
D:10:     layout_irregular_city, orc_0_dummy, basic_altar
D:11:     kennysheep_spiral_hall, layout_irregular_city, lair_entry_dummy,
          enter_bailey_3, grunt_ministairs_3, minmay_circle_x
D:12:     minmay_the_grid_octo_tiled_octocenter_mashed
          [minmay_the_grid_octo_teeth, minmay_the_grid_octo_checkerflower,
          minmay_the_grid_octo_77, minmay_the_grid_octo_fat_diamond,
          minmay_the_grid_octo_prize_single_spiral,
          minmay_the_grid_square_5x5_checkered_statues,
          minmay_the_grid_square_5x5_detours,
          minmay_the_grid_square_5x5_shrine1,
          minmay_the_grid_square_5x5_longway], layout_grid_maze,
          grunt_dithmenos_shadows
D:13:     layout_rooms, erik_vaults_1, serial_shops, shop, lemuel_hellish_altar
D:14:     layout_basic, lemuel_crystal_altar
D:15:     gammafunk_enter_depths_forms, layout_basic, patterned_corridor,
          minmay_misc_feat_hallway, kennysheep_crisscross
Temple:   regret_index_temple_sigil_plot
Lair:1:   layout_cave_pods
Lair:2:   layout_regular_city, minmay_snake_entry_guardpost_small,
          grunt_megastairs_5, infiniplex_staircase_pool, uniq_nergalle
Lair:3:   layout_regular_city, kennysheep_catoblepas_arena
Lair:4:   layout_small_grid, swamp_mist_pool, gammafunk_ghost_abyssal_escape
Lair:5:   layout_regular_city, slime_dummy
Lair:6:   grunt_lair_end_beastmaster, layout_cave_pods
Swamp:1:  layout_basic_swamp, basic_altar
Swamp:2:  layout_basic_swamp, hangedman_swamp_ruin_hall, uniq_kirke,
          uniq_nikola, uniq_jorgrun
Swamp:3:  layout_basic_swamp, hangedman_swamp_blocks
Swamp:4:  swamp_basic_johnstein, layout_basic_swamp
Snake:1:  layout_rooms
Snake:2:  nicolae_aizul_guard, layout_gridlike, portal_ice_cave_entry_pillars_1
Orc:1:    layout_caves, basic_altar
Orc:2:    grunt_orc_gardens, layout_caves, grunt_orc_garden, grunt_orc_garden,
          grunt_orc_garden, grunt_orc_garden, mines3_lemuel

Skill      XL: |  1  2  3  4  5  6  7  8  9 10 11 12 13 14 15 16 17 |
---------------+----------------------------------------------------+-----
Short Blades   | 2 3 4 5 6 7 11 12 13 14 15 | 15.0
Fighting       | 3 4 5 6 7 8 9 10 11 | 11.9
Shields        | 3 4 5 6 7 8 9 10 11 12 | 12.0
Armour         | 3 4 5 6 7 8 9 10 | 10.9
Dodging        | 2 5 6 7 8 9 10 11 | 11.0
Invocations    | 3 4 6 7 9 10 11 | 11.4

Action                   |  1- 3 |  4- 6 |  7- 9 | 10-12 | 13-15 | 16-18 || total
-------------------------+-------+-------+-------+-------+-------+-------++-------
Melee: Rapier            |   113 |   190 |   370 |   531 |  1637 |   927 ||  3768
       Bite              |    29 |    55 |   104 |   174 |   759 |   497 ||  1618
Throw: Dart              |       |       |       |     8 |    26 |     1 ||    35
Invok: Stomp             |       |       |     1 |       |     1 |       ||     2
       Grand Finale      |       |       |       |       |       |     1 ||     1
Evoke: Wand              |       |       |     2 |       |       |     2 ||     4
  Use: Scroll            |     2 |       |     7 |     9 |    12 |     3 ||    33
       Potion            |       |       |       |     2 |       |     3 ||     5
 Stab: Paralysed         |       |     1 |    14 |    22 |    87 |    65 ||   189
       Distracted        |       |       |     1 |       |       |       ||     1
       Sleeping          |       |       |       |     1 |       |     7 ||     8
       Petrified         |       |       |       |       |       |     4 ||     4
       Invisible         |       |       |       |       |       |     1 ||     1
  Eat: Chunk             |       |     9 |     8 |    14 |    37 |    12 ||    80
       Ration            |       |       |       |       |       |     3 ||     3
Armor: Scale mail        |    31 |    69 |   183 |    75 |       |       ||   358
       Ring mail         |    13 |       |       |       |       |       ||    13
       Chain mail        |       |       |       |    13 |   337 |   187 ||   537
Dodge: Dodged            |    35 |    41 |    90 |   115 |   467 |   326 ||  1074
Block: Kite shield       |    50 |    91 |   191 |   166 |   642 |   364 ||  1504
